Map: Ruins of Endion

Players

Miszu

  • Race: Zerg Zerg
  • League: Master

acslayer - Winner!

  • Race: Terran Terran
  • League: Master

VOD

Have the link to the VOD?

Description

Time

  • Played on: April 1, 2016, 3:53 p.m.
  • Length: 10:59
Show
View Real Time Build Order
Export as new Build Order

Miszu Zerg 

Build Orders: Hatch First 

Get SALT Encoding   

  12  0:01  Drone  
  13  0:14  Overlord  
  13  0:18  Drone  
  14  0:32  Drone x2  
  16  0:38  Drone  
  17  0:48  Drone  
  18  1:01  Hatchery  
  17  1:05  Drone  
  18  1:17  Spawning Pool  
  17  1:18  Drone  
  17  1:24  Extractor  
  17  1:33  Drone  
  18  1:41  Drone x2  
  20  1:54  Drone  
  21  2:02  Extractor  
  21  2:04  Overlord, Queen  
  22  2:12  Queen  
  24  2:16  Drone x2  
  26  2:24  Drone  
  26  2:25  Drone  
  26  2:26  Metabolic Boost  
  28  2:35  Drone  
  28  2:36  Drone  
  30  2:44  Overlord  
  30  2:46  Zergling x2  
  31  2:55  Zergling x2  
  32  3:04  Queen  
  34  3:09  Drone  
  34  3:10  Drone x2  
  36  3:13  Drone  
  37  3:20  Overlord  
  37  3:21  Drone  
  38  3:29  Drone x3  
  38  3:32  Roach Warren, Zergling x8  
  42  3:45  Zergling x4  
  42  3:47  Queen  
  40  4:07  Zergling x10  
  45  4:13  Lair, Evolution Chamber  
  45  4:16  Drone x2  
  46  4:18  Overlord  
  46  4:21  Hatchery  
  46  4:23  Drone x2  
  46  4:27  Drone  
  47  4:32  Drone  
  47  4:37  Drone  
  49  4:39  Zerg Missile Weapons Level 1  
  49  4:40  Lair, Drone  
  45  4:54  Roach x4  
  51  5:04  Roach  
  51  5:05  Evolution Chamber  
  52  5:17  Extractor x2, Zergling x10  
  55  5:23  Roach  
  55  5:27  Zergling x6  
  59  5:37  Queen  
  59  5:39  Drone x5  
  58  5:52  Drone x4  
  56  6:09  Drone x4  
  56  6:10  Drone  
  61  6:11  Extractor  
  61  6:12  Overlord, Extractor  
  61  6:14  Glial Reconstitution  
  61  6:17  Roach x3  
  65  6:24  Overlord x2  
  65  6:27  Overlord x2  
  65  6:29  Drone, Zerg Ground Armor Level 1  
  65  6:30  Queen  
  65  6:32  Drone x3  
  71  6:41  Spore Crawler  
  71  6:42  Drone x5  
  71  6:47  Drone  
  76  6:50  Extractor  
  75  6:54  Ravager  
  75  6:55  Ravager x2  
  75  6:56  Roach  
  75  6:57  Roach  
  75  6:58  Drone x5  
  75  7:01  Drone  
  88  7:02  Drone  
  88  7:05  Drone x2  
  88  7:07  Drone  
  92  7:08  Drone  
  93  7:17  Overlord x3  
  93  7:20  Roach  
  93  7:42  Infestation Pit  
  84  7:48  Roach x8  
  84  7:51  Burrow  
  97  7:58  Hatchery  
  96  8:14  Roach x4  
  96  8:15  Roach x3  
  96  8:16  Pneumatized Carapace  
  110  8:33  Zerg Missile Weapons Level 2  
  109  8:35  Roach x2  
  109  8:36  Overlord x3  
  113  8:51  Spine Crawler  
  113  8:52  Spore Crawler  
  113  8:53  Overlord x2, Drone, Spore Crawler  
  109  9:02  Roach  
  111  9:03  Roach x2  
  111  9:05  Overseer  
  115  9:11  Queen  
  115  9:13  Roach  
  119  9:23  Spore Crawler  
  118  9:25  Spine Crawler  
  118  9:30  Ravager  
  118  9:31  Ravager  
  109  9:53  Queen  
  95  10:04  Roach x8  
  95  10:05  Roach x6  
  117  10:10  Roach  
  117  10:11  Roach x2  
  102  10:44  Ravager  
  102  10:45  Ravager x2  
Show
View Real Time Build Order
Export as new Build Order

acslayer Terran - Winner!

Build Orders: MMM Bio 

Get SALT Encoding   

  12  0:01  SCV  
  13  0:13  SCV  
  14  0:17  Supply Depot  
  14  0:25  SCV  
  15  0:39  SCV  
  15  0:41  Barracks  
  16  0:44  Refinery  
  16  0:52  SCV  
  17  1:04  SCV  
  18  1:16  SCV  
  19  1:28  Barracks Reactor  
  19  1:29  Orbital Command  
  19  1:47  Command Center  
  19  1:52  Supply Depot  
  19  1:54  SCV  
  20  2:04  Reaper  
  20  2:05  Reaper  
  22  2:10  SCV  
  23  2:16  Barracks  
  23  2:23  Barracks  
  23  2:25  SCV  
  24  2:39  Reaper  
  24  2:42  Reaper  
  24  2:43  SCV  
  27  2:53  Refinery  
  27  2:55  SCV  
  28  3:14  SCV  
  28  3:15  Marine, Barracks Tech Lab  
  28  3:16  Marine x2  
  28  3:19  Orbital Command  
  32  3:26  SCV  
  33  3:33  Bunker, Marine x2  
  35  3:38  SCV  
  36  3:47  Marine x2  
  38  3:51  SCV  
  36  4:03  SCV  
  36  4:05  Marine x2  
  36  4:06  Marine x2  
  36  4:07  Stimpack  
  36  4:09  SCV  
  41  4:10  Supply Depot  
  41  4:16  Factory  
  41  4:21  SCV  
  42  4:24  Engineering Bay, Marine x2  
  42  4:26  Engineering Bay  
  42  4:27  Barracks Reactor, Marine  
  45  4:35  Supply Depot, SCV  
  46  4:42  Marine  
  46  4:43  SCV  
  48  4:57  Terran Infantry Weapons Level 1, Terran Infantry Armor Level 1  
  48  5:00  Marine x2  
  48  5:01  Marine  
  48  5:03  Starport  
  48  5:05  Refinery  
  51  5:09  Marine x2  
  51  5:13  Factory Reactor  
  53  5:18  Marine x2  
  53  5:19  Marine  
  57  5:21  SCV  
  57  5:22  SCV  
  57  5:25  Refinery  
  57  5:27  Marine x2  
  60  5:33  SCV  
  61  5:36  Marine  
  62  5:42  Marine  
  62  5:44  Marine, SCV  
  62  5:45  Marine  
  61  5:56  SCV  
  57  5:57  Marine x2  
  57  6:00  Marine  
  56  6:05  SCV  
  56  6:07  Medivac x2, Combat Shields  
  56  6:09  SCV  
  62  6:14  Command Center, Factory Tech Lab  
  62  6:20  Supply Depot  
  62  6:23  Armory  
  62  6:35  Supply Depot  
  62  6:36  Supply Depot  
  62  6:41  Marine x2, Marauder, SCV  
  62  6:45  Armory  
  67  6:47  Supply Depot  
  67  6:53  Supply Depot x2  
  67  6:55  Barracks  
  67  6:56  Siege Tank  
  67  6:57  Marine  
  67  6:59  Barracks  
  67  7:00  Marine x2  
  73  7:07  Marauder  
  75  7:13  Marine  
  75  7:14  Marine, Medivac  
  79  7:19  Supply Depot  
  79  7:29  Marauder  
  79  7:33  Medivac, Siege Tank  
  76  7:51  Marine x3, Marauder  
  76  7:56  Marine  
  74  8:06  Marine x2  
  74  8:09  Marine  
  74  8:11  Refinery  
  74  8:12  Refinery  
  79  8:13  Marauder  
  79  8:18  SCV  
  80  8:34  Marauder  
  81  8:41  SCV  
  81  8:42  SCV, Orbital Command  
  81  8:47  Barracks Tech Lab  
  81  8:48  Marine x2, Barracks Tech Lab  
  83  8:51  Medivac, Terran Vehicle Weapons Level 1  
  83  8:52  Marine x2  
  83  8:53  SCV  
  83  8:55  Marauder, SCV  
  92  9:12  Marine x2  
  92  9:13  Siege Tank, Marauder x2  
  101  9:17  SCV  
  101  9:18  Supply Depot  
  101  9:19  Barracks  
  101  9:20  Barracks  
  97  9:53  Marine x2, Marauder x2  
  96  10:08  Marine  
  96  10:09  Marauder  
  96  10:12  Marine x2  
  101  10:14  Marauder x2  
  105  10:22  Marine  
  105  10:25  SCV  
  105  10:26  Marine  
  101  10:30  Marine x2, Marauder  
  100  10:36  Marauder x2  
  100  10:39  Marine  
  114  10:52  Command Center  
Tags
 
Composition
MMM Bio
Matchup
TvZ
Player
Miszu
Add a new tag
Caveats
  • Supply blocks, unpowered buildings, or Contaminate may cause inaccurate times.
  • Supply counts are checked every 10 seconds.